 Dungeon Crawl Stone Soup version 0.28-a0-1567-g1695149f81 (webtiles) character file.

Game seed: 15187217290407611925

179 HallandMoats the Covered (level 5, -5/47 HPs)
             Began as a Minotaur Fighter on Jan 19, 2022.
             Was an Initiate of Cheibriados.
             Slain by Pikel (14 damage)
             ... on level 4 of the Dungeon.
             The game lasted 00:03:31 (3224 turns).

HallandMoats the Covered (Minotaur Fighter)         Turns: 3224, Time: 00:03:31

Health: -5/47      AC:  7    Str: 21    XL:     5   Next: 33%
Magic:  4/4        EV: 10    Int:  6    God:    Cheibriados [......]
Gold:   114        SH:  5    Dex: 13    Spells: 4/4 levels left

rFire   . . .      SeeInvis .   h - +0 hand axe
rCold   . . .      Faith    .   c - +0 buckler
rNeg    . . .      Spirit   .   b - +0 scale mail
rPois   .          Reflect  .   (helmet restricted)
rElec   .          Harm     .   (no cloak)
rCorr   .          Rampage  .   (no gloves)
Will    .....                   (no boots)
Stlth   ..........              (no amulet)
HPRegen 0.15/turn               (no ring)
MPRegen 0.09/turn               (no ring)

@: mighty, very slow
A: horns 2, retaliatory headbutt
a: Renounce Religion


You were on level 4 of the Dungeon.
You worshipped Cheibriados.
Cheibriados was noncommittal.
You visited 2 branches of the dungeon, and saw 7 of its levels.

You collected 114 gold pieces.

Inventory:

Hand Weapons
 a - a +0 war axe
 h - a +0 hand axe (weapon)
Armour
 b - a +0 scale mail (worn)
 c - a +0 buckler (worn)
Jewellery
 l - an amulet of regeneration
Wands
 m - a wand of polymorph (4)
Scrolls
 f - 2 scrolls of silence {unknown}
 g - 2 scrolls of teleportation {unknown}
 j - a scroll of enchant armour {unknown}
 n - a scroll of fear {unknown}
 o - 3 scrolls of immolation {unknown}
 p - a scroll of summoning {unknown}
Potions
 e - a potion of lignification {unknown}
 i - a potion of berserk rage {unknown}
 k - a potion of curing {unknown}


   Skills:
 + Level 4.3 Fighting
 * Level 4.2 Axes
 + Level 4.3 Armour
 + Level 1.9 Dodging
 + Level 4.3 Shields
 * Level 1.2 Invocations


You had 4 spell levels left.
You didn't know any spells.
Your spell library was empty.

Dungeon Overview and Level Annotations

Branches:
Dungeon (6/15)             Temple (1/1) D:4

Altars:
Ashenzari
Cheibriados
Dithmenos
Elyvilon
Gozag
Hepliaklqana
Kikubaaqudgha
Makhleb
Nemelex Xobeh
Okawaru
Qazlal
Ru
Sif Muna
Trog
Uskayaw
Vehumet
Wu Jian
Xom
Yredelemnul
Zin
The Shining One

Shops:
D:2 :

Annotations:
D:4 Pikel
D:6 1 runed translucent door, DrKleor's ghost, amateur DsFi


Innate Abilities, Weirdness & Mutations

You have a pair of horns on your head.
You reflexively headbutt those who attack you in melee.


Message History

Found a scroll labelled LISHRE NUTS.
The lemure shouts! x2
A lemure comes into view.
Pikel zaps a wand.
You suddenly lose the ability to move!
The lemure shouts!
Pikel zaps a wand.
You shrug off the repeated paralysis!
You can move again.
Unknown command.
You feel very mighty all of a sudden. The lemure closely misses you.
You closely miss the lemure. Your headbutt misses the lemure.
You block the lemure's attack.
You slash the lemure!
The lemure is heavily wounded.
You block the lemure's attack.
You barely miss Pikel. You headbutt Pikel!
Pikel is moderately wounded.
You hit Pikel.
Pikel is moderately wounded.
Pikel says, "All the demons know me.
They respect me."
You block Pikel's attack.
You miss Pikel.
Pikel is moderately wounded.
Pikel hits you with a +1 whip of electrocution.
You are electrocuted!
You closely miss Pikel. Your headbutt misses Pikel.
Pikel is moderately wounded.
Pikel zaps a wand.
You suddenly lose the ability to move!
Pikel hits you with a +1 whip of electrocution.
Pikel hits you but does no damage.
You are electrocuted!!
* * * LOW HITPOINT WARNING * * *
Pikel zaps a wand.
You resist with some effort.
You can move again.
You hit Pikel but do no damage.
Pikel is moderately wounded.
You block Pikel's attack.
Pikel hits you with a +1 whip of electrocution.
* * * LOW HITPOINT WARNING * * *
You are electrocuted!
You die...

########### #######
#.........# ......?
#.#.#####.# .......
#.###......##.###5......
#..............@K5......
#####......##.###5......
#.#.#####.# .......
#.#.#####.# .......
#.........# .##.###
###'####### .. .#
##...## .. # ##.....##
.. ##.......##


You could see Pikel and 3 lemures.

Vanquished Creatures
  A lemure (D:4)
  2 centaur skeletons (D:4)
  Ijyb (D:4)
  5 adders
  A worm (D:2)
  A dart slug (D:4)
  5 endoplasms
  5 goblins
  7 hobgoblins
  8 kobolds
  2 quokkas
  3 ball pythons
  4 bats
  2 frilled lizards (D:2)
  5 rats
52 creatures vanquished.

Notes
Turn   | Place    | Note
-------+----------+-------------------------------------------
     0 | D:1      | HallandMoats the Minotaur Fighter began the quest for the
                  | Orb.
     0 | D:1      | Reached XP level 1. HP: 19/19 MP: 0/0
   400 | D:1      | Reached XP level 2. HP: 23/27 MP: 1/1
   716 | D:1      | Reached skill level 1 in Dodging
  1166 | D:2      | Reached XP level 3. HP: 30/33 MP: 2/2
  1663 | D:2      | Found Ocipilu's Book Boutique.
  1990 | D:3      | Reached XP level 4. HP: 29/40 MP: 3/3
  2134 | D:3      | You fall into a shaft and drop 3 floors!
  2139 | D:6      | Found a runed translucent door.
  2140 | D:6      | Noticed DrKleor's ghost (amateur DsFi)
  2384 | D:5      | Entered Level 5 of the Dungeon
  2483 | D:4      | Found a staircase to the Ecumenical Temple.
  2492 | Temple   | Entered the Ecumenical Temple
  2789 | Temple   | Became a worshipper of Cheibriados the Contemplative
  2867 | D:4      | Noticed Ijyb
  2874 | D:4      | Killed Ijyb
  2875 | D:4      | Reached XP level 5. HP: 46/46 MP: 4/4
  2937 | D:4      | Reached skill level 1 in Invocations
  3202 | D:4      | Noticed a lemure
  3206 | D:4      | Killed a lemure
  3208 | D:4      | Noticed Pikel
  3208 | D:4      | Noticed a lemure
  3208 | D:4      | Noticed a lemure
  3208 | D:4      | Noticed a lemure
  3208 | D:4      | Paralysed by Pikel for 5 turns
  3220 | D:4      | Paralysed by Pikel for 4 turns
  3224 | D:4      | Slain by Pikel

Illustrated notes

Levels and vault maps discovered:
D:1:      minmay_arrival_three_doors, layout_loops_ring,
          chequers_serial_rivers_small_a
D:2:      layout_basic, serial_shops, shop, chequers_garden
D:3:      layout_rooms, mainiacjoe_overflow_alcove_1, serial_shops,
          nicolae_shop_hallway_stairs, amcnicky_mini_corridor_feature,
          minmay_snake_closets
D:4:      layout_loops_corners, minmay_temple_entry_junction_2, uniq_pikel,
          uniq_pargi, uniq_ijyb
D:5:      layout_loops_ring, uniq_grinder
D:6:      layout_loops_ring, gammafunk_ghost_grave, serial_bayou_crossing
Temple:   roderic_octagonal_lattice_temple

Skill      XL: |  1  2  3  4  5 |
---------------+----------------+-----
Axes           | 3 4 |  4.2
Dodging        | 1 |  1.9
Armour         | 4 |  4.3
Shields        | 4 |  4.3
Fighting       | 4 |  4.3
Invocations    | 1 |  1.2

Action                   |  1- 3 |  4- 6 || total
-------------------------+-------+-------++-------
Melee: War axe           |    50 |       ||    50
       Headbutt          |    21 |    10 ||    31
       Hand axe          |    85 |    36 ||   121
       Unarmed           |       |     4 ||     4
  Use: Potion            |       |     1 ||     1
Armor: Scale mail        |    48 |    22 ||    70
       Skin              |       |     1 ||     1
Dodge: Dodged            |    61 |    20 ||    81
Block: Buckler           |    21 |    13 ||    34

Table legend: (Time is in decaauts)
 A = Elapsed time spent in this place.
 B = Non-inter-level travel time spent in this place.
 C = Inter-level travel time spent in this place.
 D = Time resting spent in this place.
 E = Time spent auto-exploring this place.
 F = Levels seen in this place.
 G = Mean time per level.
                   A        B        C        D        E       F      G
               +--------+--------+--------+--------+--------+-----+--------+
         Total |   3328 |   3240 |     88 |    239 |   2522 |   7 |  475.4 |
       Dungeon |   3001 |   2943 |     58 |    239 |   2251 |   6 |  500.2 |
        Temple |    327 |    298 |     29 |      0 |    271 |   1 |  327.0 |
               +--------+--------+--------+--------+--------+-----+--------+

Top non-repeatable levels by time:
     D:1: 1013 daAuts
     D:2: 995 daAuts
     D:4: 573 daAuts
  Temple: 327 daAuts
     D:6: 250 daAuts
     D:3: 159 daAuts
     D:5: 7 daAuts
